 Dungeon Crawl Stone Soup version 0.29.0-5-ge4962eb29e (webtiles) character file.

Game seed: 3770464042317166019

9 SnakkuSnakku7 the Ducker (level 2, 19/19 HPs)
             Began as a Merfolk Air Elementalist on Aug 30, 2022.
             Was a Follower of Jiyva.
             Got out of the dungeon alive.
             The game lasted 00:01:38 (984 turns).

SnakkuSnakku7 the Ducker (Merfolk Air Elementalist)  Turns: 984, Time: 00:01:38

Health: 19/19      AC:  2    Str:  8    XL:     2   Next: 12%
Magic:  5/5        EV: 13    Int: 14    God:    Jiyva [*.....]
Gold:   35         SH:  0    Dex: 14    Spells: 4/5 levels left

rFire   . . .      SeeInvis .   c - +0 club
rCold   . . .      Faith    .   (no shield)
rNeg    . . .      Spirit   .   a - +0 robe
rPois   .          Reflect  .   (no helmet)
rElec   .          Harm     .   (no cloak)
rCorr   .          Rampage  .   (no gloves)
Will    .....                   (no boots)
Stlth   ++........              (no amulet)
HPRegen 0.86/turn               (no ring)
MPRegen 0.34/turn               (no ring)

@: no status effects
A: (nimble swimmer 2), mertail
a: Renounce Religion


You escaped.
You worshipped Jiyva.
Jiyva was aware of your devotion.
You visited 1 branch of the dungeon, and saw 1 of its levels.

You collected 35 gold pieces.

Inventory:

Hand Weapons
 c - a +0 club (weapon)
Armour
 a - a +0 robe (worn)
 f - a +0 kite shield
 h - a +0 cloak
Scrolls
 d - 2 scrolls of teleportation {unknown}
 e - a scroll of vulnerability {unknown}
 g - a scroll of identify {unknown}
Potions
 b - a potion of magic


   Skills:
 + Level 3.8 Dodging
 - Level 2.1 Stealth
 - Level 2.0 Spellcasting
 - Level 0.7 Conjurations
 - Level 2.4 Air Magic


You had 4 spell levels left.
You knew the following spells:

 Your Spells              Type           Power      Damage    Failure   Level
a - Shock                 Conj/Air       20%        1d4       13%         1

Your spell library contained the following spells:

 Spells                   Type           Power      Damage    Failure   Level
 Static Discharge         Conj/Air       5%         3-4/arc   19%         2
 Swiftness                Air            8%         N/A       26%         3
 Airstrike                Air            4%         2d(1-17)  65%         4


Dungeon Overview and Level Annotations

Branches:
Dungeon (1/15)

Altars:
Jiyva


Innate Abilities, Weirdness & Mutations

((You are very nimble when in or above water. (Stealth+, EV+, Speed+++)))
Your lower body shifts to a powerful aquatic tail in water.


Message History

The zap hits the hobgoblin.
The hobgoblin is severely wounded.
The zap hits the hobgoblin.
The hobgoblin is almost dead.
The hobgoblin barely misses you.
Unknown command.
Aiming: Shock (safe; 13% risk of failure)
Press: ? - help, Q - select action Shift-Dir - straight line The zap hits the hobgoblin.
You kill the hobgoblin!
Unknown command.
Unknown command.
You see here a +0 leather armour.
Your magical contamination has completely faded away.
The ball python bites you. The ball python barely misses you.
You hit the ball python.
You kill the ball python!
No target in view!
No target in view!
No target in view!
(D) Dungeon
Where to? (Enter - D:1 @ (x,y), ? - help)
Okay, then.
There is an open door here.
There is an open door here.
There is a dry fountain here.
There is an open door here.
There is an open door here.
There is an open door here.
There is a dry fountain here.
There is an open door here.
There is a dry fountain here.
There is an open door here.
There is an open door here.
There is an open door here.
There is an open door here.
There is an open door here.
There is a staircase leading out of the dungeon here.
Are you sure you want to leave the Dungeon?
This will make you lose the game!
You have escaped!

#......#.....# ..........
#......#.##### #######...#
#......#.##################
#....
##........#...#...#...#...#
#.#.#
########.'...'.⌠.'...'...#
#.... #.#...#...#...#...# #
### #.##'###########'##
#.#...#...#...#...#
#.#...#.@.'...#.⌠.#
#.#...#...#...#...#
#.######'#######'## #.
#...#...#...# #...'...#.⌠(#
#...#...#...# ######'###'##
#...#...# +...'...#


There were no monsters in sight!

Vanquished Creatures
  2 ball pythons (D:1)
  A goblin (D:1)
  A hobgoblin (D:1)
  A kobold (D:1)
  A frilled lizard (D:1)
  3 rats (D:1)
9 creatures vanquished.

Notes
Turn   | Place    | Note
-------+----------+-------------------------------------------
     0 | D:1      | SnakkuSnakku7 the Merfolk Air Elementalist began the quest
                  | for the Orb.
     0 | D:1      | Reached XP level 1. HP: 13/13 MP: 3/3
   299 | D:1      | Reached skill level 3 in Dodging
   679 | D:1      | Found a faded altar of an unknown god.
   785 | D:1      | Reached XP level 2. HP: 19/19 MP: 5/5
   826 | D:1      | Prayed at the altar of an unknown god.
   826 | D:1      | Became a worshipper of Jiyva Jareyten the Shapeless
   826 | D:1      | Reached * piety under Jiyva
   984 | D:$      | Got out of the dungeon alive.

Illustrated notes

Levels and vault maps discovered:
D:1:      co_arrival_random_square_maze, layout_basic,
          shapermc_ecumenical_altar_totnotflames

Skill      XL: |  1 |
---------------+----+-----
Dodging        | 3 |  3.8
Stealth        | |  2.1
Spellcasting   | |  2.0
Conjurations   | |  0.7
Air Magic      | |  2.4

Action                   || total
-------------------------++-------
Melee: Club              ||     8
 Cast: Shock             ||     7
Armor: Robe              ||     3
Dodge: Dodged            ||    13
